Map: Yellowjacket

Players

Prometoss

  • Race: Zerg Zerg
  • Spawn Location: 3:00

BlueMax

  • Race: Protoss Protoss
  • Spawn Location: 1:00

Ekelpack - Winner!

  • Race: Zerg Zerg
  • Spawn Location: 7:00

Nyck - Winner!

  • Race: Terran Terran
  • Spawn Location: 9:00

VOD

Have the link to the VOD?

Description

Time

  • Played on: April 1, 2025, 12:47 p.m.
  • Length: 13:12
Show
View Real Time Build Order
Export as new Build Order

Prometoss Zerg 

Build Orders: Hatch First, Lurkers 

Get SALT Encoding   

  12  0:03  Drone  
  13  0:13  Overlord  
  13  0:22  Drone  
  14  0:32  Drone  
  14  0:33  Drone  
  16  0:37  Drone  
  17  0:47  Drone  
  18  0:57  Hatchery  
  18  1:01  Drone  
  18  1:05  Extractor  
  18  1:09  Drone  
  18  1:17  Spawning Pool  
  17  1:25  Drone  
  17  1:31  Drone  
  19  1:40  Drone  
  20  1:52  Drone  
  21  2:01  Overlord  
  21  2:06  Metabolic Boost  
  21  2:09  Queen  
  21  2:12  Queen  
  25  2:20  Drone x2  
  27  2:26  Drone x2  
  29  2:39  Drone  
  29  2:40  Drone  
  29  2:42  Overlord  
  31  2:52  Overlord  
  31  2:55  Zergling x4  
  33  3:07  Zergling x4  
  35  3:14  Zergling x2  
  35  3:16  Zergling x2  
  35  3:17  Zergling x2  
  35  3:18  Zergling x4  
  40  3:22  Zergling x6  
  43  3:27  Baneling Nest  
  43  3:32  Queen x2  
  46  3:40  Drone x3  
  46  3:41  Drone  
  50  3:57  Zergling x4  
  50  4:00  Overlord  
  50  4:01  Overlord  
  34  4:19  Zergling x12  
  37  4:30  Zergling x4  
  35  4:52  Baneling x4  
  35  4:53  Baneling  
  35  4:54  Drone x3  
  38  5:06  Drone x4  
  38  5:07  Drone x2  
  44  5:11  Queen x2  
  44  5:13  Drone  
  49  5:22  Drone  
  47  5:53  Drone x3  
  47  5:54  Drone x4  
  54  6:00  Spine Crawler x2  
  54  6:01  Spore Crawler  
  51  6:04  Extractor  
  51  6:06  Drone x3  
  51  6:07  Lair  
  51  6:08  Drone x2  
  55  6:12  Extractor  
  54  6:26  Drone x4  
  58  6:36  Drone x3  
  61  6:42  Hatchery  
  61  6:43  Roach Warren  
  59  6:51  Drone x5  
  64  7:00  Drone  
  64  7:01  Drone x2  
  67  7:07  Extractor  
  66  7:14  Spore Crawler  
  65  7:17  Spore Crawler  
  65  7:19  Spore Crawler  
  65  7:20  Spore Crawler  
  62  7:27  Spore Crawler, Hydralisk Den  
  60  7:32  Evolution Chamber x2  
  58  7:49  Overlord  
  58  7:50  Overlord x4  
  58  7:51  Drone  
  59  7:54  Queen  
  59  7:56  Queen x2  
  65  8:00  Spore Crawler x2  
  65  8:02  Spore Crawler  
  62  8:15  Drone x3  
  62  8:16  Drone x2  
  67  8:27  Infestation Pit  
  67  8:30  Queen  
  67  8:31  Queen x2  
  72  8:42  Drone x3  
  72  8:43  Drone x5  
  80  8:55  Centrifugal Hooks  
  80  8:57  Muscular Augments  
  80  9:00  Zerg Missile Weapons Level 1  
  80  9:01  Glial Reconstitution  
  80  9:03  Drone x4  
  80  9:07  Drone x3  
  87  9:28  Extractor  
  86  9:31  Hydralisk x2, Extractor  
  86  9:32  Hydralisk x2, Roach x4  
  86  9:33  Extractor, Roach  
  86  9:36  Extractor  
  101  9:40  Hatchery  
  100  9:47  Hydralisk x2  
  100  9:49  Overlord x3  
  100  9:50  Drone, Overlord x2  
  105  9:57  Spine Crawler  
  105  9:59  Spine Crawler  
  103  10:01  Grooved Spines  
  60  10:30  Hydralisk  
  60  10:31  Hydralisk x4, Roach x2  
  60  10:32  Hydralisk x3, Roach x5  
  60  10:33  Roach  
  91  11:05  Drone x3  
  94  11:17  Hive  
  94  11:23  Hatchery, Lurker Den  
  92  11:28  Hatchery  
  45  12:10  Hydralisk x5  
  45  12:11  Hydralisk x7  
  69  12:37  Lurker x5  
  69  12:38  Lurker x4  
Show
View Real Time Build Order
Export as new Build Order

BlueMax Protoss 

Build Orders: Phoenix Opening 

Get SALT Encoding   

  12  0:00  Probe  
  13  0:12  Probe  
  14  0:22  Pylon  
  14  0:27  Probe  
  15  0:40  Probe  
  16  0:45  Gateway  
  16  0:47  Assimilator  
  16  0:48  Probe  
  16  0:56  Probe  
  17  0:57  Assimilator  
  18  1:17  Probe  
  19  1:30  Probe  
  20  1:33  Cybernetics Core  
  20  1:38  Probe  
  21  1:47  Zealot  
  21  1:49  Pylon  
  23  2:03  Warp Gate  
  23  2:07  Probe  
  24  2:19  Probe  
  24  2:20  Stargate  
  25  2:32  Probe  
  26  2:44  Probe  
  27  2:46  Pylon  
  27  3:03  Nexus  
  27  3:05  Gateway  
  27  3:08  Phoenix  
  27  3:12  Shield Battery  
  29  3:23  Gateway  
  29  3:34  Twilight Council  
  29  3:39  Pylon  
  29  3:52  Phoenix  
  31  3:57  Stalker  
  29  4:27  Phoenix  
  29  4:30  Stalker x2  
  29  4:31  Stalker  
  33  4:46  Charge  
  33  4:55  Probe  
  34  5:00  Probe  
  35  5:07  Probe  
  35  5:12  Probe  
  37  5:14  Stargate  
  37  5:19  Probe  
  38  5:24  Probe  
  39  5:31  Probe  
  44  5:44  Void Ray, Probe  
  44  5:48  Gateway  
  45  5:50  Gateway, Shield Battery  
  45  6:00  Assimilator  
  45  6:07  Fleet Beacon  
  45  6:16  Zealot x2  
  49  7:13  Anion Pulse-Crystals  
  49  7:20  Probe x2  
  51  7:31  Protoss Air Weapons Level 1  
  51  7:32  Probe x2  
  51  7:36  Phoenix x2  
  57  7:42  Probe, Stargate  
  57  7:44  Probe, Pylon  
  57  7:47  Pylon  
  57  7:50  Probe  
  59  7:57  Probe  
  61  7:59  Forge, Probe  
  61  8:04  Pylon  
  62  8:09  Phoenix x2, Probe  
  62  8:10  Pylon  
  62  8:11  Probe  
  68  8:19  Assimilator  
  68  8:21  Probe  
  69  8:29  Nexus  
  69  8:32  Pylon  
  69  8:56  Gateway  
  69  8:58  Gateway  
  69  9:00  Gateway  
  69  9:02  Pylon  
  69  9:06  Pylon, Carrier  
  69  9:08  Carrier  
  81  9:10  Pylon  
  81  9:16  Cybernetics Core  
  81  9:25  Probe x2  
  83  9:37  Probe x2  
  85  9:49  Probe x2  
  85  10:13  Carrier x2  
  97  10:32  Zealot x2  
  97  10:33  Zealot  
  103  10:48  Assimilator  
  101  10:51  Stargate  
  101  10:53  Stargate  
  101  10:55  Stargate  
  101  11:00  Assimilator  
  101  11:22  Zealot x4  
  101  11:23  Zealot x3  
  101  11:24  Zealot  
  117  11:29  Carrier  
  123  11:45  Zealot x6  
  123  11:46  Zealot x2  
  139  12:01  Probe x2  
  141  12:14  Pylon  
  141  12:16  Pylon  
  141  12:18  Pylon  
  141  12:32  Probe  
Show
View Real Time Build Order
Export as new Build Order

Ekelpack Zerg - Winner!

Build Orders: Hatch First 

Get SALT Encoding   

  12  0:00  Drone  
  13  0:08  Drone  
  14  0:27  Overlord  
  14  0:46  Drone x2  
  14  0:47  Hatchery  
  15  0:50  Drone  
  17  0:57  Drone  
  17  1:00  Extractor  
  16  1:12  Spawning Pool  
  16  1:15  Drone  
  16  1:19  Drone  
  17  1:29  Drone  
  18  1:46  Overlord  
  18  1:53  Drone  
  19  2:02  Drone  
  19  2:03  Queen  
  19  2:04  Queen  
  19  2:08  Drone  
  25  2:14  Metabolic Boost  
  25  2:22  Drone x2  
  27  2:26  Drone x2  
  29  2:37  Zergling x4  
  31  2:45  Zergling x2  
  31  2:46  Zergling x2  
  33  2:53  Overlord  
  33  2:55  Zergling x2  
  34  3:00  Evolution Chamber  
  34  3:04  Zergling x2  
  34  3:06  Zergling x2  
  35  3:15  Zergling x6  
  35  3:17  Overlord  
  35  3:18  Zergling x4  
  40  3:20  Lair  
  40  3:26  Zerg Melee Weapons Level 1  
  40  3:31  Drone x2  
  42  3:37  Drone  
  42  3:38  Drone  
  42  3:40  Extractor  
  43  3:43  Drone  
  43  3:45  Drone x2  
  43  3:46  Drone  
  46  3:56  Zergling x10  
  46  4:21  Zergling x8  
  46  4:22  Zergling x4  
  51  4:26  Extractor  
  51  4:27  Drone  
  51  4:28  Extractor  
  47  4:50  Drone x2  
  49  5:00  Spire  
  49  5:02  Spore Crawler  
  49  5:04  Spore Crawler  
  49  5:05  Drone x2  
  49  5:06  Drone x3  
  49  5:07  Overlord x3  
  51  5:09  Drone  
  52  5:20  Overlord x2  
  52  5:26  Hatchery  
  51  5:35  Zergling x8  
  53  5:36  Zergling x6  
  53  5:39  Zerg Ground Armor Level 1  
  52  5:55  Drone  
  53  6:01  Queen  
  55  6:06  Drone x3  
  58  6:18  Drone  
  59  6:21  Mutalisk x5  
  69  6:43  Drone x4  
  69  6:44  Drone x4  
  76  7:01  Infestation Pit  
  76  7:04  Spore Crawler  
  72  7:09  Spore Crawler  
  72  7:11  Drone x4  
  72  7:12  Drone x4  
  79  7:21  Drone  
  80  7:23  Extractor  
  80  7:25  Extractor  
  78  7:33  Zerg Melee Weapons Level 2  
  78  7:42  Drone x2  
  80  7:51  Hive  
  80  7:56  Overlord x3  
  80  7:57  Evolution Chamber  
  79  8:00  Drone x3  
  79  8:04  Overlord  
  79  8:05  Overlord  
  82  8:13  Hydralisk Den  
  82  8:18  Drone  
  80  8:38  Drone x2  
  82  8:41  Zerg Ground Armor Level 2  
  82  8:43  Grooved Spines  
  82  8:47  Hydralisk x4  
  82  8:48  Hydralisk x7  
  86  8:49  Hydralisk x3  
  102  9:10  Ultralisk Cavern  
  101  9:33  Muscular Augments  
  101  10:05  Ultralisk x6  
  128  10:22  Adrenal Glands  
  128  10:23  Zergling x4, Ultralisk  
  128  10:24  Zergling x12, Overlord  
  128  10:25  Overlord x2  
  135  10:52  Pneumatized Carapace  
  135  10:53  Overlord  
  135  10:54  Overlord  
  135  11:06  Chitinous Plating  
  135  11:10  Ultralisk  
  135  11:11  Ultralisk x2  
  153  11:15  Hatchery  
  152  11:50  Zergling x10, Ultralisk  
  152  11:51  Zergling x10  
  152  11:52  Zergling x4, Extractor x2  
  163  12:06  Drone x2  
  163  12:07  Drone x6  
  163  12:08  Drone x4  
  172  12:25  Anabolic Synthesis  
Show
View Real Time Build Order
Export as new Build Order

Nyck Terran - Winner!

Build Orders:  

Get SALT Encoding   

  12  0:00  SCV  
  13  0:12  SCV  
  14  0:18  Supply Depot  
  14  0:24  SCV  
  15  0:39  SCV  
  15  0:41  Barracks  
  16  0:51  SCV  
  16  0:55  Refinery  
  17  0:58  Refinery  
  17  1:04  SCV  
  18  1:16  SCV  
  19  1:29  Orbital Command  
  19  1:33  Barracks  
  19  1:35  Barracks Reactor  
  19  1:41  Supply Depot  
  19  1:55  SCV  
  20  2:11  SCV  
  20  2:13  Reaper x2  
  23  2:22  Reaper  
  24  2:31  Command Center  
  24  2:33  SCV  
  25  2:45  Reaper x2  
  27  2:52  Supply Depot  
  27  2:53  SCV  
  27  2:54  Reaper  
  29  3:05  SCV  
  30  3:08  Barracks  
  30  3:14  Supply Depot  
  30  3:17  Reaper x2  
  32  3:23  SCV  
  32  3:26  Reaper  
  34  3:38  SCV  
  35  3:44  Orbital Command  
  35  3:50  SCV  
  36  3:59  Barracks Tech Lab  
  36  4:00  Barracks Tech Lab  
  36  4:03  SCV  
  31  4:17  SCV x2  
  33  4:25  Factory  
  33  4:29  SCV x2  
  35  4:31  Marine x3  
  35  4:32  Marine, Factory  
  36  4:53  Marine x4  
  36  4:54  SCV x2  
  36  4:59  Engineering Bay  
  42  5:06  SCV x2  
  44  5:09  Factory Tech Lab  
  44  5:10  Marine  
  44  5:11  Marine  
  46  5:14  Marine x2  
  46  5:18  SCV, Factory Tech Lab  
  46  5:19  SCV  
  50  5:22  Combat Shield  
  50  5:24  Stimpack  
  50  5:30  Missile Turret  
  50  5:33  Terran Infantry Weapons Level 1, Missile Turret  
  50  5:34  Marine x2  
  52  5:35  Marine  
  52  5:36  Marine  
  54  5:58  SCV x2  
  54  5:59  Marine x2, Bunker  
  54  6:01  Marauder x2  
  62  6:09  Cyclone x2  
  62  6:10  Supply Depot, SCV x2  
  70  6:12  Refinery  
  70  6:14  Refinery  
  70  6:25  Mag-Field Accelerator  
  70  6:32  SCV  
  71  6:39  SCV  
  72  6:44  SCV  
  72  6:45  Concussive Shells  
  72  6:46  Command Center  
  77  6:47  Marine, Marauder x2  
  77  6:52  Supply Depot  
  78  6:56  Armory  
  78  7:14  SCV x2, Marine x2, Marauder x2  
  86  7:29  Terran Infantry Armor Level 1  
  86  7:32  Supply Depot  
  86  7:53  SCV x2, Marine x2, Cyclone  
  86  7:58  Cyclone, Marauder x2  
  100  8:05  Terran Vehicle And Ship Armor Level 1  
  100  8:06  Supply Depot  
  100  8:07  Supply Depot  
  100  8:10  Engineering Bay  
  100  8:12  SCV x2  
  102  8:16  Marine x2  
  104  8:24  SCV x2, Command Center  
  104  8:25  Cyclone  
  109  8:28  Marine x2  
  109  8:30  Cyclone  
  114  8:36  Orbital Command  
  114  8:37  SCV  
  114  8:38  SCV  
  116  8:46  Marauder x2  
  116  8:47  Marine x2  
  122  8:49  SCV  
  122  8:50  SCV  
  124  9:02  SCV, Terran Infantry Weapons Level 2  
  125  9:04  Supply Depot  
  125  9:06  Supply Depot x2  
  125  9:18  Starport  
  125  9:26  Marine x2, Cyclone x2  
  125  9:27  SCV x3, Marine x2  
  125  9:30  Terran Infantry Armor Level 2  
  138  9:33  Supply Depot  
  138  9:39  SCV x2  
  138  9:40  SCV  
  138  9:41  Orbital Command  
  138  9:58  Cyclone x2, Missile Turret  
  140  10:05  Missile Turret  
  138  10:07  Orbital Command  
  137  10:23  Marine x4  
  137  10:26  Terran Vehicle And Ship Armor Level 2  
  140  10:30  Cyclone x2  
  146  10:36  SCV  
  146  10:37  SCV x3  
  146  10:41  Marine x4  
  153  10:48  Factory  
  153  10:49  Factory  
  153  10:51  Factory  
  153  10:53  Orbital Command  
  153  10:56  SCV x3  
  156  11:02  Cyclone x2  
  156  11:04  Refinery  
  162  11:05  Marine x3  
  162  11:06  Marine, Refinery  
  162  11:08  SCV x3  
  169  11:14  Starport Reactor  
  169  11:16  Supply Depot  
  169  11:30  SCV x2  
  171  11:38  Cyclone x2  
  177  11:40  Supply Depot  
  174  12:03  Supply Depot  
  174  12:10  SCV x2  
  174  12:11  SCV  
  174  12:12  Marine x4  
  174  12:15  Factory Tech Lab x2  
  181  12:16  Factory Tech Lab  
  181  12:20  Cyclone x2  
  187  12:26  Supply Depot  
Tags
 
Add a new tag
Caveats
  • Supply blocks, unpowered buildings, or Contaminate may cause inaccurate times.
  • Supply counts are checked every 10 seconds.